 Dungeon Crawl Stone Soup version 0.15.1-1-gfacfea3 (webtiles) character file.

469 CrazyArbalest the Sneak (level 6, -4/30 HPs)
             Began as a Spriggan Enchanter on Sept 20, 2014.
             Slain by Eustachio
             ... wielding a +1 falchion of slicing
              (10 damage)
             ... on Level 4 of the Dungeon.
             The game lasted 00:17:35 (5848 turns).

CrazyArbalest the Sneak (Spriggan Enchanter)        Turns: 5848, Time: 00:17:35

HP  -4/30        AC  3     Str  6      XL: 6   Next: 82%
MP   6/6         EV 22     Int 17      God:
Gold 158         SH  0     Dex 16      Spells:  2 memorised,  8 levels left

rFire  . . .     SeeInvis +     x - +0 flail (antimagic)
rCold  . . .     Clarity  +     b - +1 robe
rNeg   . . .     rCorr    .     (shield restricted)
rPois  .         rRot     .     (helmet restricted)
rElec  .         Spirit   .     (no cloak)
SustAb .         Warding  .     (gloves unavailable)
rMut   .         Stasis   .     (boots unavailable)
Gourm  .                        m - amulet of clarity
MR     +....                    (no ring)
                                (no ring)

@: starving, very quick, somewhat resistant to hostile enchantments, stealthy
A: unfitting armour, see invisible, herbivore 3, speed 3, slow metabolism 2
a: no special abilities


You were on level 4 of the Dungeon.
You were starving.

You visited 1 branch of the dungeon, and saw 4 of its levels.

You collected 158 gold pieces.

Inventory:

Hand weapons
 a - a +1 dagger
 x - a +0 antimagic flail (weapon)
Armour
 b - a +1 robe (worn)
Comestibles
 r - 4 fruits
Scrolls
 f - 3 scrolls of magic mapping {unknown}
 g - 5 scrolls of amnesia {unknown}
 h - a scroll of recharging {unknown}
 i - a scroll of blinking {unknown}
 l - 3 scrolls of identify {unknown}
 n - a scroll of fog {unknown}
 p - a scroll of enchant armour {unknown}
 t - a scroll of remove curse {unknown}
 u - a scroll of enchant weapon {unknown}
 v - a scroll of teleportation {unknown}
 y - a scroll of fear {unknown}
Jewellery
 m - an amulet of clarity (around neck)
 q - an uncursed amulet of resist mutation
Potions
 d - a potion of porridge
 e - 2 potions of agility
 j - a potion of invisibility {unknown}
 k - a potion of degeneration {unknown}
 s - a potion of curing
 w - a potion of might {unknown}
 z - a potion of brilliance {unknown}
Books
 c - a book of Maledictions

   Spells                             Type                      Level
   *Corona                            Hexes                        1
   Sure Blade                         Hexes/Charms                 2
   Ensorcelled Hibernation            Hexes/Ice                    2
   *Confuse                           Hexes                        3
   Dazzling Spray                     Conjuration/Hexes            3
   Enslavement                        Hexes                        4
 o - a book of Necromancy

   Spells                             Type                      Level
   Pain                               Necromancy                   1
   Animate Skeleton                   Necromancy                   1
   Vampiric Draining                  Necromancy                   3
   Regeneration                       Charms/Necromancy            3
   Animate Dead                       Necromancy                   4
   Control Undead                     Necromancy                   4


   Skills:
 + Level 1.0 Fighting
 + Level 2.0 Short Blades
 + Level 6.7 Dodging
 + Level 6.9 Stealth
 + Level 3.8 Spellcasting
 + Level 5.3 Hexes


You had 8 spell levels left.
You knew the following spells:

 Your Spells              Type           Power        Failure   Level  Hunger
a - Corona                Hex            ###....      1%          1    None
b - Confuse               Hex            ###.....     8%          3    ###....


Dungeon Overview and Level Annotations

Branches:
Dungeon (4/15)
 Temple: D:4-7

Altars:
Fedhas
Xom

Annotations:
D:4 Eustachio


Innate Abilities, Weirdness & Mutations

You are tiny and cannot use many weapons and most armour.
You have supernaturally acute eyesight.
You are a herbivore.
You cover ground extremely quickly.
You need consume almost no food.


Message History

* * * LOW HITPOINT WARNING * * *
Eustachio hits you with a glowing falchion.
* * * LOW HITPOINT WARNING * * *
x2 You closely miss Eustachio.
Eustachio is severely wounded.
The white imp completely misses you. Eustachio completely misses you.
The white imp completely misses you.
You closely miss Eustachio.
Eustachio is severely wounded.
Eustachio completely misses you. The white imp barely misses you.
You closely miss Eustachio.
Eustachio is severely wounded.
Eustachio misses you. The white imp closely misses you.
Eustachio casts a spell.
You hit Eustachio but do no damage.
Eustachio is severely wounded.
The crimson imp disappears in a puff of smoke!
The white imp misses you.
Eustachio hits you with a glowing falchion!
You die...

#.# ####.######.#.#.
#.# #..........#.
##.###############.#.
#....................
##################.##
#.........#..#.#
#§###.##.....#.#
###5# #.##.....#.#
#5@@###.###....#.#
#5###.≈≈_.##...#.#
#.##...≈.≈≈##..#.##
#.##_.#.≈...#......
#.^≈..≈_#...^..#.#.
####..≈≈.≈≈.#..#.#.
##≈.#....#####.#.
##..≈..## #.#.
###.### ..##


You could see Eustachio, an iron imp and 2 white imps.

Vanquished Creatures
  An ogre (D:4)
  3 orc priests
  A worker ant (D:4)
  2 orc wizards (D:4)
  An iguana (D:4)
  Ijyb (D:2)
  3 gnolls (D:3)
  4 adders
  A giant mite (D:4)
  2 worms (D:3)
  8 giant geckos
  11 orcs
  2 ball pythons
  7 bats
  A bat skeleton (D:4)
  5 giant cockroaches
  8 goblins
  6 hobgoblins
  8 kobolds
  3 giant newts
  2 jackals (D:3)
  2 quokkas
  7 rats
89 creatures vanquished.

Vanquished Creatures (others)
  A kobold (D:2)
  A rat (D:2)
2 creatures vanquished.

Grand Total: 91 creatures vanquished

Notes
Turn   | Place    | Note
--------------------------------------------------------------
     0 | D:1      | CrazyArbalest, the Spriggan Enchanter, began the quest for the Orb.
     0 | D:1      | Reached XP level 1. HP: 9/9 MP: 4/4
   199 | D:1      | Reached XP level 2. HP: 13/13 MP: 7/7
   234 | D:1      | Reached skill level 5 in Stealth
  1475 | D:2      | Reached XP level 3. HP: 16/16 MP: 9/9
  2357 | D:2      | Noticed Ijyb
  2957 | D:3      | Reached XP level 4. HP: 6/21 MP: 12/12
  3215 | D:2      | Learned a level 3 spell: Confuse
  3250 | D:2      | Killed Ijyb
  3520 | D:3      | Reached skill level 5 in Dodging
  3561 | D:3      | Reached skill level 6 in Stealth
  3561 | D:3      | Reached XP level 5. HP: 16/25 MP: 2/16
  4003 | D:3      | Found a blossoming altar of Fedhas.
  4767 | D:4      | Reached skill level 5 in Hexes
  4825 | D:4      | Reached XP level 6. HP: 10/29 MP: 18/18
  5037 | D:4      | Noticed an ogre
  5058 | D:4      | Killed an ogre
  5058 | D:4      | Reached skill level 1 in Fighting
  5794 | D:4      | Found a shimmering altar of Xom.
  5805 | D:4      | Found a shimmering altar of Xom.
  5806 | D:4      | Found a shimmering altar of Xom.
  5820 | D:4      | Noticed Eustachio
  5848 | D:4      | Slain by Eustachio

Action                   |  1- 3 |  4- 6 || total
-------------------------+-------+-------++-------
Melee: Dagger            |   199 |   255 ||   454
       Flail             |       |    12 ||    12
 Cast: Confuse           |       |    19 ||    19
  Use: Potion            |       |     2 ||     2
 Stab: Sleeping          |     8 |     9 ||    17
       Confused          |       |    13 ||    13
       Distracted        |       |     1 ||     1
  Eat: Fruit             |       |     3 ||     3
